AoeStats
← Sakhta

MegaRandom

508176615Analyzed
4v4 RM · 12d ago on Sep 21, 2026· 18m 22s· 8 players
Game mode
Random Map
Map size
Large (8 player)
Population
200
Speed
Normal
Resources
Standard
Victory
Conquest
Starting age
Dark Age
Ending age
Imperial Age
RankedLock teamsTeams togetherTeam positionsShared explorationLock speedFull tech treeHidden civsTurbo modeCheats
Victory
Defeat
🇯🇵 Vietnamese · Japan
1314
+16
🇩🇪 Magyars · Germany
1312
+16
🇲🇽 Hindustanis · Mexico
1300
+16
🇲🇽 Khmer · Mexico
1191
+20
🇹🇼 Wei · Taiwan
1331
-18
🇫🇷 Goths · France
1330
-18
🇦🇺 Spanish · Australia
1285
-16
🇷🇺 Italians · Russia
1266
-16
RedKing
7:30 Loom
9:52 Feudal Age
13:19 Town Watch
14:04 Fletching
15:16 Padded Archer Armor
Sonaron Disparos
7:51 Feudal Age
8:24 Double-Bit Axe
13:17 Forging
14:57 Scale Barding Armor
20:56 Castle Age
Krabbel
7:01 Loom
9:27 Feudal Age
13:49 Double-Bit Axe
16:58 Horse Collar
cupubangetz
10:31 Feudal Age
11:31 Loom
11:51 Double-Bit Axe
16:10 Castle Age
17:56 Horse Collar
Leillow23
0:43 Loom
9:41 Feudal Age
17:57 Bloodlines
19:52 Castle Age
17:43 Horse Collar
thomas89671173
7:12 Loom
10:13 Feudal Age
11:14 Double-Bit Axe
11:37 Horse Collar
13:32 Forging
14:59 Scale Barding Armor
JTownThunder
6:38 Loom
10:06 Feudal Age
13:10 Forging
13:55 Scale Barding Armor
Sakhta
7:02 Loom
11:49 Feudal Age
12:43 Double-Bit Axe
13:09 Horse Collar
19:51 Castle Age
Connection lost

Rejoining the realm…

Still unreachable

The connection could not be restored.

Session expired

The server has moved on; the page needs a fresh start.